 Dungeon Crawl Stone Soup version 0.19-a0-1111-gcceb26a (webtiles) character file.

255 4thArraOfDagon the Ruffian (level 5, -1/46 HPs)
             Began as a Troll Arcane Marksman on Aug 10, 2016.
             Slain by Geppetto's ghost (9 damage)
             ... on level 5 of the Dungeon.
             The game lasted 00:05:07 (758 turns).

4thArraOfDagon the Ruffian (Troll Arcane Marksman)   Turns: 758, Time: 00:05:08

Health: -1/46      AC:  5    Str: 19    XL:     5   Next: 91%
Magic:  5/5        EV:  4    Int: 10    God:
Gold:   144        SH:  0    Dex:  9    Spells: 1 memorised, 5 levels left

rFire  . . .     SeeInvis .       - Unarmed
rCold  . . .     Gourm    +     n - troll hide {Purgy}
rNeg   . . .     Faith    .     (no shield)
rPois  .         Spirit   .     (helmet restricted)
rElec  .         Dismiss  .     (no cloak)
rCorr  .         Reflect  .     (gloves unavailable)
SustAt .         Harm     .     (boots unavailable)
MR     .....                    (no amulet)
Stlth  +.........               (no ring)
                                (no ring)

@:
A: unfitting armour, claws 3, fast metabolism 3, gourmand, regeneration 2,
shaggy fur 1, tough skin 2
a: no special abilities


You were on level 5 of the Dungeon.
You were very full.

You visited 1 branch of the dungeon, and saw 5 of its levels.
You also visited: Sewer.

You collected 144 gold pieces.

Inventory:

Missiles
 c - 4 large rocks (quivered)
 d - 2 throwing nets
Armour
 a - a +0 robe
 n - a troll hide (worn) {Purgy}
Rods
 l - a -1 rod of shadows (2/12)
   (You found it on level 4 of the Dungeon)
Scrolls
 h - 2 scrolls of identify {unknown}
 i - a scroll of remove curse
 o - a scroll of fog {unknown}
Potions
 e - 2 potions of resistance {unknown}
 g - a potion of cure mutation
 m - a potion of magic {unknown}
 p - a potion of berserk rage {unknown}
 r - a potion of flight {unknown}
Books
 b - a book of Debilitation

   Spells                             Type                      Level
   a - Corona                         Hexes                        1
   b - Slow                           Hexes                        2
   c - Gell's Gravitas                Hexes/Translocation          3
   d - Inner Flame                    Hexes/Fire                   3
   e - Cause Fear                     Hexes                        4
   f - Leda's Liquefaction            Hexes/Earth                  4
Comestibles
 f - 2 bread rations
 j - 2 meat rations


   Skills:
 - Level 0.7 Fighting
 - Level 1.7 Throwing
 - Level 1.5 Dodging
 * Level 5.3 Unarmed Combat
 - Level 1.0 Spellcasting
 - Level 2.0 Hexes
 + Level 1.3 Evocations


You had 5 spell levels left.
You knew the following spells:

 Your Spells              Type           Power        Failure   Level  Hunger
a - Corona                Hex            #......      21%         1    ##.....


Dungeon Overview and Level Annotations

Branches:
Dungeon (5/15)
 Temple: D:4-7

Altars:
Trog

Annotations:
D:5 Geppetto's ghost, novice GrMo


Innate Abilities, Weirdness & Mutations

You are too large for most types of armour.
You have claws for hands.
Your metabolism is lightning-fast.
You like to eat raw meat.
You heal very quickly.
You are covered in fur. (AC +1)
You have very tough skin. (AC +2)


Message History

A centaur comes into view.
The centaur shouts!
The centaur shoots an arrow.
The arrow hits you.
The centaur shoots an arrow.
The arrow closely misses you.
You see here 2 arrows.
The centaur wields a shortbow.
The centaur shoots an arrow.
The arrow hits you!
The centaur shoots an arrow.
The arrow hits you.
The centaur shoots an arrow.
The arrow hits you!
* * * LOW HITPOINT WARNING * * *
Found 8 gold pieces.
You see here 3 arrows.
Unknown command.
Unknown command.
Found a ring mail.
There is a stone staircase leading up here.
Unknown command.
Unknown command.
Your quokka closely misses Geppetto's ghost.
Geppetto's ghost hits you!
You die...

#.#. ...# ###
#.#.###.#.# ..## #......
#.# #$##.#..##.###.###
#.##.#............
.................. #
#.##.#.........##. #..
#....#.........##.
#....#@#####..#..#.....
....cc..Wr(...........##
##..#.#.######.#.#..#.##
.. ...#.. ...#.......#
#.# ### #......#####.#
..[ ........+...... ###
##......#####.. #......#
#### ....... .....


You could see 2 centaurs, Geppetto's ghost and a friendly quokka.

Vanquished Creatures
  Purgy (Sewer)
  A centaur zombie (D:3)
  A jelly (D:5)
  An iguana (D:5)
  A worker ant zombie (D:3)
  6 adders
  A shadow imp (D:5)
  A worm (D:4)
  2 orcs
  2 ball pythons (D:4)
  7 bats
  A goblin (D:3)
  A hobgoblin (D:3)
  3 jackals (D:2)
  2 rats (D:4)
31 creatures vanquished.

Notes
Turn   | Place    | Note
-------+----------+-------------------------------------------
     0 | D:1      | 4thArraOfDagon the Troll Arcane Marksman began the quest for the Orb.
     0 | D:1      | Reached XP level 1. HP: 18/18 MP: 1/1
    59 | D:2      | Reached skill level 1 in Unarmed Combat
    59 | D:2      | Reached XP level 2. HP: 4/26 MP: 2/2
    72 | D:2      | Reached skill level 2 in Unarmed Combat
   189 | D:3      | Reached skill level 3 in Unarmed Combat
   189 | D:3      | Reached XP level 3. HP: 14/32 MP: 3/3
   209 | D:3      | Reached XP level 4. HP: 29/40 MP: 4/4
   313 | D:4      | Reached skill level 4 in Unarmed Combat
   331 | D:4      | Identified a -1 rod of shadows (12/12) (You found it on level 4 of the Dungeon)
   378 | D:4      | Found a bloodstained altar of Trog.
   408 | D:4      | Found a glowing drain.
   420 | Sewer    | Entered a sewer
   451 | Sewer    | Noticed Purgy
   477 | Sewer    | Killed Purgy
   477 | Sewer    | Reached skill level 1 in Evocations
   477 | Sewer    | Reached XP level 5. HP: 38/46 MP: 5/5
   598 | D:5      | Entered Level 5 of the Dungeon
   614 | D:5      | HP: 1/46 [acid (8)]
   619 | D:5      | Reached skill level 5 in Unarmed Combat
   683 | D:5      | Noticed Geppetto's ghost (novice GrMo)
   754 | D:5      | Noticed a centaur
   755 | D:5      | Noticed a centaur
   758 | D:5      | Slain by Geppetto's ghost

Vault maps used:
D:1:      lemuel_arrival_broad_hall
D:3:      nicolae_gozag_cash_rules_everything_around_me, serial_undead,
          serial_undead_e, serial_undead_f, serial_undead_d, serial_undead_b,
          lemuel_statue_altar
D:4:      kennysheep_little_box, portal_sewer_entry_a
D:5:      yredelemnul_altar_generic, first_bread, st_stairs_13,
          kennysheep_cross_bottleneck
Sewer:    sewer_big_baddie

Skill      XL: |  1  2  3  4  5 |
---------------+----------------+-----
Unarmed Combat | 1 3 4 5 |  5.3
Evocations     | 1 |  1.3
Fighting       | |  0.7
Throwing       | |  1.7
Dodging        | |  1.5
Spellcasting   | |  1.0
Hexes          | |  2.0

Action                   |  1- 3 |  4- 6 || total
-------------------------+-------+-------++-------
Melee: Unarmed           |    53 |    72 ||   125
Throw: Large rock        |     1 |     2 ||     3
       Throwing net      |     1 |       ||     1
Evoke: Rod               |       |     3 ||     3
  Use: Potion            |     2 |       ||     2
       Scroll            |       |     2 ||     2
 Stab: Sleeping          |       |     1 ||     1
  Eat: Chunk             |       |    12 ||    12
Armor: Robe              |    17 |    33 ||    50
       Troll hide        |       |     1 ||     1
Dodge: Dodged            |    22 |    49 ||    71
